 Dungeon Crawl Stone Soup version 0.30-a0-723-gc1506a1cf0 (webtiles) character file.

Game seed: 17846775181181890154

2818 Leeroy the Magician (level 9, -3/71 HPs)
             Began as a Gnoll Warper on Jan 28, 2023.
             Was a Believer of Okawaru.
             Killed by divine providence
             ... invoked by an orc priest
              (10 damage)
             ... on level 7 of the Dungeon.
             The game lasted 00:17:37 (8515 turns).

Leeroy the Magician (Gnoll Warper)                  Turns: 8515, Time: 00:17:37

Health: -3/71      AC:  6    Str: 12    XL:     9   Next: 72%
Magic:  19/19      EV: 14    Int: 17    God:    Okawaru [**....]
Gold:   485        SH:  0    Dex: 15    Spells: 7/21 levels left

rFire   . . .      SeeInvis .    w - +6 whip (elec)
rCold   . . .      Faith    .    (no shield)
rNeg    . . .      Spirit   .    Y - +0 leather armour of Pytisox {Str+2 Int+3 Stlth+}
rPois   .          Reflect  .    x - +0 helmet
rElec   .          Harm     .    j - +0 cloak
rCorr   .          Rampage  .    (no gloves)
Will    .....                    (no boots)
Stlth   ++++                     (no amulet)
HPRegen 0.31/turn                v - ring of flight
MPRegen 0.16/turn                (no ring)

@: mighty, flying
A: fangs 1, strong nose, distributed training
a: Renounce Religion, Heroism


You were on level 7 of the Dungeon.
You worshipped Okawaru.
Okawaru was pleased with you.
You visited 2 branches of the dungeon, and saw 9 of its levels.

You collected 485 gold pieces.

Inventory:

Hand Weapons
 b - a +0 shortbow
 g - a +0 scythe of protection
 l - a +0 dagger of venom
 r - a +4 scimitar of freezing
 w - a +6 whip of electrocution (weapon)
 z - a +0 scimitar
 H - a +0 rapier
 N - a +0 flail of venom
 U - a +3 falchion
Missiles
 d - 7 boomerangs of dispersal
 i - 14 poisoned darts
 t - 2 javelins
 A - 5 curare-tipped darts (quivered)
 B - 3 boomerangs
 Z - a throwing net
Armour
 j - a +0 cloak (worn)
 u - a +2 robe of positive energy
 x - a +0 helmet (worn)
 J - a +0 leather armour of fire resistance
 S - a +1 chain mail of poison resistance
 X - an orb of light
 Y - the +0 leather armour of Pytisox (worn) {Str+2 Int+3 Stlth+}
   (You found it on level 6 of the Dungeon)

   Str:       It affects your strength (+2).
   Int:       It affects your intelligence (+3).
   Stlth:     It makes you more stealthy.
Jewellery
 v - a ring of flight (left hand)
 C - a ring of poison resistance
 O - a ring of fire
Wands
 a - a wand of light (3)
 m - a wand of mindburst (18)
 Q - a wand of flame (31)
 T - a wand of roots (27)
Scrolls
 c - a scroll of noise
 f - a scroll of poison
 k - 3 scrolls of immolation
 y - a scroll of enchant weapon {unknown}
 G - a scroll of amnesia {unknown}
 K - 2 scrolls of brand weapon {unknown}
 M - a scroll of teleportation {unknown}
 W - 2 scrolls of enchant armour {unknown}
Potions
 h - a potion of invisibility {unknown}
 o - 3 potions of curing
 q - a potion of heal wounds {unknown}
 D - a potion of cancellation {unknown}
 F - 2 potions of magic {unknown}
 I - a potion of brilliance {unknown}
 L - a potion of flight {unknown}
 R - a potion of mutation {unknown}
 V - a potion of berserk rage {unknown}


   Skills:
 + Level 6.6 Fighting
 + Level 4.7 Short Blades
 + Level 6.6 Long Blades
 + Level 4.7 Axes
 + Level 4.7 Maces & Flails
 + Level 4.7 Polearms
 + Level 4.7 Staves
 + Level 4.7 Ranged Weapons
 + Level 5.4 Throwing
 + Level 5.4 Armour
 + Level 6.6 Dodging
 + Level 4.7 Stealth
 + Level 4.7 Shields
 + Level 4.7 Unarmed Combat
 + Level 6.9 Spellcasting
 + Level 3.9 Conjurations
 + Level 3.9 Hexes
 + Level 3.9 Summonings
 + Level 3.9 Necromancy
 + Level 6.8 Translocations
 + Level 3.9 Transmutations
 + Level 3.9 Fire Magic
 + Level 3.9 Ice Magic
 + Level 3.9 Air Magic
 + Level 3.9 Earth Magic
 + Level 3.9 Poison Magic
 + Level 5.2 Invocations
 + Level 4.7 Evocations


You had 7 spell levels left.
You knew the following spells:

 Your Spells              Type           Power      Damage    Failure   Level
a - Blink                 Tloc           58%        N/A       1%          2
b - Vhi's Electric Charg  Tloc/Air       48%        N/A       4%          3
c - Teleport Other        Tloc           29%        N/A       2%          3
d - Manifold Assault      Tloc           29%        N/A       9%          4
e - Wereblood             Tmut           19%        N/A       4%          2

Your spell library contained the following spells:

 Spells                   Type           Power      Damage    Failure   Level
 Lesser Beckoning         Tloc           58%        N/A       1%          2
 Momentum Strike          Conj/Tloc      48%        3d9       2%          2
 Beastly Appendage        Tmut           38%        N/A       3%          1
 Sublimation of Blood     Necr           19%        N/A       4%          2
 Spider Form              Tmut/Pois      19%        N/A       9%          3
 Borgnjor's Revivificati  Necr           9%         N/A       100%        8
 Necromutation            Tmut/Necr      9%         N/A       100%        8
 Death's Door             Necr           9%         N/A       100%        9
 Summon Hydra             Summ           Unusable   N/A       N/A         7

Dungeon Overview and Level Annotations

Branches:
Dungeon (8/15)             Temple (1/1) D:4            Lair (0/5) D:8

Altars:
Cheibriados
Dithmenos
Elyvilon
Hepliaklqana
Kikubaaqudgha
Makhleb
Okawaru
Qazlal
Ru
Sif Muna
Trog
Uskayaw
Vehumet
Wu Jian
Xom
Yredelemnul
Zin
The Shining One

Annotations:
D:7 Joseph


Innate Abilities, Weirdness & Mutations

You have very sharp teeth.
Your uncanny sense of smell can sniff out nearby items.
Your experience applies equally to all skills.


Message History

There is an open door here.
The bullfrog hits you but does no damage.
The bullfrog attacks as you move away! The bullfrog closely misses you.
There is a collapsed entrance here.
You can't go down here!
You whack the bullfrog! Lightning courses through the bullfrog!
The bullfrog is almost dead.
The bullfrog hits you but does no damage.
You hit the bullfrog.
You kill the bullfrog!
Okawaru accepts your kill.
You hit the orc. Lightning courses through the orc!
You kill the orc!
Okawaru accepts your kill.
You hit the orc warrior.
The orc warrior is lightly wounded.
The orc priest looks satisfied for a moment.
The orc warrior hits you with a +0 scimitar.
* * * LOW HITPOINT WARNING * * *
Casting: Blink (safe; 1% risk of failure)
Confirm with . or Enter, or press ? or * to list all spells.
You don't know that spell.
Okay, then.
Okay, then.
You feel better.
The orc priest looks encouraged for a moment.
The orc warrior barely misses you.
You feel very mighty all of a sudden.
The orc warrior hits you with a +0 scimitar.
* * * LOW HITPOINT WARNING * * *
You whack the orc warrior!
Lightning courses through the orc warrior!
You kill the orc warrior!
Okawaru accepts your kill.
You whack the orc!
You kill the orc!
Okawaru accepts your kill.
The orc priest calls down the wrath of Beogh upon you.
Beogh smites you!
You die...

#<# #### # #.####.'#######+.##
#.##...#...#...#.?#
#.##.###.>.#.>.##.#
###.##.###$..#...##.#
..#.#...###########.#
..#.#...##...#..(##.#
..#.#...##.>.#...##.#############
.........#...#.[@#..).o.o.....>..
..######.'#######o...#########.##
..# #### #.....#.#######.## ###
........#..........#
.........#.#######.## ###
#.........#.#...# .... ..#
###.#####.#.#.#.#.#.## ..# #.
#.#.#.#.#.#.# ..# #. .#.#...# #.#


You could see an orc priest.

Vanquished Creatures
  Sigmund (D:2)
  A water moccasin (D:8)
  An orc warrior (D:7)
  A sky beast (D:7)
  3 ice beasts
  3 ogres
  A centaur (D:6)
  2 phantoms (D:5)
  3 bullfrogs
  3 necrophages
  5 scorpions
  7 wights
  A howler monkey (D:5)
  A hound (D:6)
  3 jellies
  Jessica (D:3)
  2 iguanas
  Robin (D:3)
  8 gnolls
  9 adders
  A white imp (D:6)
  An ufetubus (D:6)
  4 worms
  3 dart slugs
  25 orcs
  5 bats
  9 endoplasms
  7 giant cockroaches
  19 goblins
  10 hobgoblins
  3 jackals (D:5)
  9 kobolds
  10 ball pythons
  5 frilled lizards
  4 rats
172 creatures vanquished.

Vanquished Creatures (others)
  2 plants (D:3)
2 creatures vanquished.

Grand Total: 174 creatures vanquished

Notes
Turn   | Place    | Note
-------+----------+-------------------------------------------
     0 | D:1      | Leeroy the Gnoll Warper began the quest for the Orb.
     0 | D:1      | Reached XP level 1. HP: 20/20 MP: 6/6
   265 | D:1      | Reached XP level 2. HP: 23/26 MP: 7/7
   636 | D:1      | Reached skill level 5 in Spellcasting
   636 | D:1      | Reached XP level 3. HP: 31/31 MP: 7/9
   925 | D:2      | Learned a level 2 spell: Blink
   929 | D:2      | Learned a level 3 spell: Vhi's Electric Charge
   975 | D:2      | Learned a level 3 spell: Teleport Other
  1042 | D:2      | Reached skill level 1 in Invocations
  1146 | D:2      | Found a sacrificial altar of Ru.
  1287 | D:2      | Reached skill level 1 in Short Blades
  1287 | D:2      | Reached skill level 1 in Axes
  1287 | D:2      | Reached skill level 1 in Maces & Flails
  1287 | D:2      | Reached skill level 1 in Polearms
  1287 | D:2      | Reached skill level 1 in Staves
  1287 | D:2      | Reached skill level 1 in Ranged Weapons
  1287 | D:2      | Reached skill level 1 in Stealth
  1287 | D:2      | Reached skill level 1 in Shields
  1287 | D:2      | Reached skill level 1 in Unarmed Combat
  1287 | D:2      | Reached skill level 1 in Evocations
  1431 | D:2      | Reached XP level 4. HP: 35/38 MP: 11/11
  1505 | D:2      | Learned a level 4 spell: Manifold Assault
  1524 | D:2      | Noticed Sigmund
  1730 | D:2      | Killed Sigmund
  1731 | D:2      | Reached skill level 1 in Conjurations
  1731 | D:2      | Reached skill level 1 in Hexes
  1731 | D:2      | Reached skill level 1 in Summonings
  1731 | D:2      | Reached skill level 1 in Necromancy
  1731 | D:2      | Reached skill level 1 in Transmutations
  1731 | D:2      | Reached skill level 1 in Fire Magic
  1731 | D:2      | Reached skill level 1 in Ice Magic
  1731 | D:2      | Reached skill level 1 in Air Magic
  1731 | D:2      | Reached skill level 1 in Earth Magic
  1731 | D:2      | Reached skill level 1 in Poison Magic
  1731 | D:2      | Reached XP level 5. HP: 31/43 MP: 10/12
  1731 | D:2      | Reached XP level 6. HP: 37/50 MP: 10/13
  2224 | D:3      | Noticed Jessica
  2232 | D:3      | Killed Jessica
  2233 | D:3      | Reached skill level 5 in Fighting
  2233 | D:3      | Reached skill level 5 in Long Blades
  2233 | D:3      | Reached skill level 5 in Dodging
  2545 | D:3      | Noticed Robin
  2719 | D:3      | Killed Robin
  2931 | D:3      | Found a radiant altar of Vehumet.
  2932 | D:3      | Found a shimmering altar of Xom.
  3110 | D:3      | Reached XP level 7. HP: 49/56 MP: 15/15
  4428 | D:4      | Found a staircase to the Ecumenical Temple.
  4561 | Temple   | Entered the Ecumenical Temple
  4723 | Temple   | Became a worshipper of Warmaster Okawaru
  4992 | D:4      | Reached XP level 8. HP: 52/63 MP: 16/16
  5494 | D:5      | Entered Level 5 of the Dungeon
  5511 | D:4      | HP: 3/63 [gnoll/+0 whip (6)]
  5511 | D:4      | HP: 1/63 [gnoll/+0 whip (2)]
  5738 | D:4      | Learned a level 2 spell: Wereblood
  5839 | D:5      | Reached * piety under Okawaru
  6053 | D:5      | Found a bloodstained altar of Trog.
  7020 | D:6      | Reached XP level 9. HP: 48/69 MP: 15/18
  7160 | D:6      | Identified the +0 leather armour of Pytisox {Str+2 Int+3
                  | Stlth+}
  7460 | D:6      | Reached skill level 5 in Throwing
  7460 | D:6      | Reached skill level 5 in Armour
  8127 | D:7      | Noticed Joseph
  8140 | D:7      | Found a sand-covered staircase.
  8383 | D:8      | Reached skill level 5 in Invocations
  8503 | D:7      | HP: 1/71 [bullfrog (3)]
  8510 | D:7      | HP: 2/71 [orc warrior/+0 scimitar (1)]
  8513 | D:7      | Reached ** piety under Okawaru
  8515 | D:7      | Killed from afar by an orc priest

Illustrated notes

Levels and vault maps discovered:
D:1:      wheals_arrival_shading, layout_loops_corners
D:2:      minmay_chambers_of_twos, layout_loops_ring, basic_altar,
          hangedman_abyss_or_decor_stabs, uniq_sigmund
D:3:      layout_loops_ring, chequers_temple_overflow_statue_of_worship,
          serial_forest, infiniplex_forest_clump_small, infiniplex_forest_end_2,
          infiniplex_forest_clump_large, infiniplex_forest_lined_corner,
          infiniplex_forest_zigzag_1, kennysheep_boxes, uniq_jessica, uniq_robin
D:4:      layout_loops_cross, minmay_temple_entry_glass, minmay_starry_boxes
D:5:      layout_basic, old_standard_altar
D:6:      layout_basic
D:7:      layout_basic, nicolae_ossuary_entry_false_entrances,
          pf_guarded_unrand_meek, uniq_joseph
D:8:      layout_loops_ring, due_lair_maze_entry_diamond,
          ebering_ghost_rock_garden, minmay_misc_feat_secret_circle,
          chequers_arboretum, nicolae_stop_n_shop_2, minmay_manual_maat
Temple:   nicolae_temple_bog_church

Skill      XL: |  1  2  3  4  5  6  7  8  9 |
---------------+----------------------------+-----
Spellcasting   | 5 6 |  6.9
Invocations    | 1 2 3 4 5 |  5.2
Short Blades   | 1 2 3 4 |  4.7
Axes           | 1 2 3 4 |  4.7
Maces & Flails | 1 2 3 4 |  4.7
Polearms       | 1 2 3 4 |  4.7
Staves         | 1 2 3 4 |  4.7
Ranged Weapons | 1 2 3 4 |  4.7
Stealth        | 1 2 3 4 |  4.7
Shields        | 1 2 3 4 |  4.7
Unarmed Combat | 1 2 3 4 |  4.7
Evocations     | 1 2 3 4 |  4.7
Throwing       | 3 4 5 |  5.4
Armour         | 3 4 5 |  5.4
Conjurations   | 1 2 3 |  3.9
Hexes          | 1 2 3 |  3.9
Summonings     | 1 2 3 |  3.9
Necromancy     | 1 2 3 |  3.9
Transmutations | 1 2 3 |  3.9
Fire Magic     | 1 2 3 |  3.9
Ice Magic      | 1 2 3 |  3.9
Air Magic      | 1 2 3 |  3.9
Earth Magic    | 1 2 3 |  3.9
Poison Magic   | 1 2 3 |  3.9
Fighting       | 5 6 |  6.6
Long Blades    | 5 6 |  6.6
Dodging        | 5 6 |  6.6
Translocations | 6 |  6.8

Action                     |  1- 3 |  4- 6 |  7- 9 || total
---------------------------+-------+-------+-------++-------
  Melee: Falchion          |    64 |       |       ||    64
         Bite              |    15 |    14 |    28 ||    57
         Dagger            |    71 |   126 |       ||   197
         Punch             |     3 |     3 |     9 ||    15
         Halberd           |       |    15 |       ||    15
         Whip              |       |    12 |   322 ||   334
  Throw: Dart              |       |       |     1 ||     1
   Cast: Blink             |       |     2 |     5 ||     7
         Vhi's Electric Ch |       |     2 |    14 ||    16
    Use: Potion            |       |     1 |     4 ||     5
         Scroll            |       |       |    11 ||    11
   Stab: Sleeping          |       |     2 |    10 ||    12
         Distracted        |       |       |     1 ||     1
 Armour: Leather armour    |    55 |    39 |    70 ||   164
  Dodge: Dodged            |    86 |   107 |   197 ||   390

Table legend: (Time is in decaauts)
 A = Elapsed time spent in this place.
 B = Non-inter-level travel time spent in this place.
 C = Inter-level travel time spent in this place.
 D = Time resting spent in this place.
 E = Time spent auto-exploring this place.
 F = Levels seen in this place.
 G = Mean time per level.
                   A        B        C        D        E       F      G
               +--------+--------+--------+--------+--------+-----+--------+
         Total |   8498 |   7871 |    627 |    927 |   5164 |   9 |  944.2 |
       Dungeon |   8322 |   7720 |    602 |    927 |   5026 |   8 | 1040.2 |
        Temple |    175 |    150 |     25 |      0 |    138 |   1 |  175.0 |
               +--------+--------+--------+--------+--------+-----+--------+

Top non-repeatable levels by time:
     D:3: 1655 daAuts
     D:2: 1524 daAuts
     D:4: 1321 daAuts
     D:1: 1204 daAuts
     D:5: 1017 daAuts
     D:6: 877 daAuts
     D:7: 483 daAuts
     D:8: 239 daAuts
  Temple: 175 daAuts
